 Dungeon Crawl Stone Soup version 0.26.0-57-g60708a5e39 (webtiles) character file.

Game seed: 3780388773676356814

(classic levelgen) 254 thiole the Ducker (level 6, -13/39 HPs)
             Began as an Octopode Hedge Wizard on Feb 1, 2021.
             Mangled by an ogre
             ... wielding a cursed -1 giant club
              (20 damage)
             ... on level 4 of the Dungeon.
             The game lasted 00:05:16 (4437 turns).

thiole the Ducker (Octopode Hedge Wizard)           Turns: 4437, Time: 00:05:16

Health: -13/39     AC:  1    Str: 15    XL:     6   Next: 14%
Magic:  10/10      EV: 14    Int: 18    God:
Gold:   216        SH:  0    Dex: 12    Spells: 10/11 levels left

rFire    . . .     SeeInvis .   o - +5 dagger
rCold    . . .     Faith    .   (no shield)
rNeg     . . .     Spirit   .   b - +0 hat
rPois    .         Reflect  .   (no amulet)
rElec    .         Harm     .   r - +6 ring of strength
rCorr    +         Rampage  .   t - ring of teleportation (curse)
Will     .....     Rnd*Tele +   x - ring of resist corrosion
Stlth    +++.......             (no ring)
HPRegen  0.13/turn              (no ring)
MPRegen  0.12/turn              (no ring)
                                (no ring)
                                (no ring)

@: lethally poisoned (-13 -> -16)
A: almost no armour, stealthy swim, amphibious, 8 rings, constrict 8, camouflage
1, gelatinous body 1
a: no special abilities


You were on level 4 of the Dungeon.
You visited 1 branch of the dungeon, and saw 4 of its levels.

You collected 216 gold pieces.

Inventory:

Hand Weapons
 a - a +0 dagger
 n - a +0 whip of electrocution
 o - a +5 dagger (weapon)
Armour
 b - a +0 hat (worn)
 w - a +0 kite shield
Jewellery
 r - a +6 ring of strength (left tentacle)
 t - a cursed ring of teleportation (right tentacle)
 x - a ring of resist corrosion (on tentacle)
Scrolls
 c - a scroll of fear {unknown}
 f - a scroll of amnesia {unknown}
 g - 2 scrolls of remove curse {unknown}
 i - a scroll of fog {unknown}
 j - 5 scrolls of teleportation {unknown}
 q - 3 scrolls of random uselessness {unknown}
Potions
 e - a potion of invisibility
 k - a potion of magic
 l - a potion of lignification
 m - 3 potions of curing
 s - a potion of flight
 u - a potion of berserk rage
 v - a potion of haste


   Skills:
 - Level 2.0 Fighting
 - Level 4.0 Dodging
 - Level 4.0 Stealth
 - Level 3.0 Spellcasting
 - Level 3.0 Conjurations
 - Level 2.0 Summonings
 - Level 1.0 Translocations
 + Level 0.3 Air Magic
 + Level 0.4 Poison Magic


You had 10 spell levels left.
You knew the following spells:

 Your Spells              Type           Power        Failure   Level
a - Magic Dart            Conj           52%          4%          1

Your spell library contained the following spells:

 Spells                   Type           Power        Failure   Level
 Call Imp                 Summ           9%           11%         2
 Blink                    Tloc           N/A          16%         2
 Slow                     Hex            2%           24%         2
 Conjure Flame            Conj/Fire      8%           26%         3
 Mephitic Cloud           Conj/Pois/Air  7%           28%         3


Dungeon Overview and Level Annotations

Branches:
Dungeon (4/15)
 Temple: D:4-7

Altars:


Innate Abilities, Weirdness & Mutations

You cannot wear most types of armour.
You are very stealthy in the water. (Stealth+)
You are amphibious.
You can wear up to eight rings at the same time.
You can use your tentacles to constrict eight enemies at once.
Your skin changes colour to match your surroundings (Stealth+).
Your rubbery body absorbs attacks. (AC +1, EV +1)


Message History

You barely miss the ogre.
The ogre is heavily wounded.
The adder bites you but does no damage.
You hit the ogre.
The ogre is severely wounded.
The adder bites you.
* * * LOW HITPOINT WARNING * * *
The ogre barely misses you. The adder closely misses you.
You barely miss the ogre. You squeeze the ogre.
The ogre is almost dead.
The ogre misses you. The adder misses you.
You hit the ogre.
The ogre is almost dead.
The adder bites you.
* * * LOW HITPOINT WARNING * * *
You are poisoned.
The adder poisons you!
The ogre hits you with a cursed -1 giant club!!
Ouch! That really hurt!
You die...

##+###
#...@#
####..SO+
#.......#
#.!.....#
#.......#
.#
#########
.. # ##


You could see an ogre and an adder.

Vanquished Creatures
  An orc priest (D:3)
  A bullfrog skeleton (D:2)
  An orc wizard (D:3)
  3 adders
  3 oozes
  5 worms
  A dart slug (D:2)
  3 leopard geckos (D:3)
  12 orcs
  3 giant cockroaches
  12 goblins
  10 hobgoblins
  8 jackals
  12 kobolds
  2 ball pythons
  9 bats
  2 frilled lizards (D:1)
  7 rats
95 creatures vanquished.

Notes
Turn   | Place    | Note
-------+----------+-------------------------------------------
     0 | D:1      | thiole the Octopode Hedge Wizard began the quest for the
                  | Orb.
     0 | D:1      | Reached XP level 1. HP: 11/11 MP: 4/4
   269 | D:1      | Reached XP level 2. HP: 17/17 MP: 4/6
  1044 | D:2      | Reached XP level 3. HP: 21/21 MP: 4/7
  1222 | D:2      | Reached skill level 1 in Fighting
  1587 | D:2      | Reached XP level 4. HP: 29/29 MP: 3/8
  2646 | D:3      | Reached XP level 5. HP: 34/34 MP: 5/9
  3551 | D:3      | Reached XP level 6. HP: 39/39 MP: 0/10
  4437 | D:4      | Mangled by an ogre

Illustrated notes

Levels and vault maps discovered:
D:1:      scummos_arrival_star, layout_loops_ring
D:2:      layout_basic
D:3:      minmay_inner_zag, layout_loops_ring, st_stairs_12
D:4:      layout_basic, grunt_decor_cap

Skill      XL: |  1  2  3  4  5  6 |
---------------+-------------------+-----
Conjurations   | 2 3 |  3.0
Fighting       | 2 |  2.0
Summonings     | 2 |  2.0
Dodging        | 4 |  4.0
Stealth        | 3 4 |  4.0
Spellcasting   | |  3.0
Translocations | |  1.0
Air Magic      | |  0.3
Poison Magic   | |  0.4

Action                   |  1- 3 |  4- 6 || total
-------------------------+-------+-------++-------
Melee: Dagger            |    33 |    70 ||   103
       Constrict         |    10 |    17 ||    27
       Tentacles         |    10 |    15 ||    25
 Cast: Magic Dart        |    77 |   130 ||   207
  Use: Potion            |     1 |       ||     1
       Scroll            |       |     9 ||     9
 Stab: Sleeping          |       |     4 ||     4
Armor: Skin              |     7 |     6 ||    13
Dodge: Dodged            |    36 |    66 ||   102
